 Dungeon Crawl Stone Soup version 0.22-a0-305-gd21a89c (webtiles) character file.

44 Amnesiac the Ducker (level 3, -1/19 HPs)
             Began as a Spriggan Gladiator on Mar 28, 2018.
             Slain by Natasha (6 damage)
             ... on level 2 of the Dungeon.
             The game lasted 00:01:34 (1312 turns).

Amnesiac the Ducker (Spriggan Gladiator)            Turns: 1312, Time: 00:01:35

Health: -1/19      AC:  2    Str: 11    XL:     3   Next: 39%
Magic:  4/4        EV: 20    Int:  9    God:
Gold:   93         SH:  0    Dex: 17    Spells: 2/2 levels left

rFire    . . .     SeeInvis +   a - +0 long sword
rCold    . . .     Gourm    .   (shield restricted)
rNeg     . . .     Faith    .   i - +0 robe
rPois    .         Spirit   .   c - +0 hat
rElec    .         Reflect  .   (no cloak)
rCorr    .         Harm     .   (gloves unavailable)
MR       .....                  (boots unavailable)
Stlth    +.........             (no amulet)
HPRegen  0.06/turn              s - ring of flight
MPRegen  0.09/turn              t - ring of loudness (curse)

@: very quick
A: very small, unfitting armour, see invisible, herbivore, speed 3, slow
metabolism 2
a: Evoke Flight


You were on level 2 of the Dungeon.
You were not hungry.

You visited 1 branch of the dungeon, and saw 2 of its levels.

You collected 93 gold pieces.

Inventory:

Hand Weapons
 a - a +0 long sword (weapon)
 b - a +0 hunting sling
Missiles
 d - a throwing net (quivered)
 h - 13 poisoned needles
 k - 20 bolts
 l - 76 stones
Armour
 c - a +0 hat (worn)
 i - a +0 robe (worn)
Jewellery
 s - a ring of flight (left hand)
 t - a cursed ring of loudness (right hand)
Scrolls
 j - a scroll of blinking {!r, unknown}
 m - 2 scrolls of remove curse {!r, unknown}
 o - a scroll of teleportation {!r, unknown}
Potions
 e - a potion of cancellation {!q, unknown}
 g - 2 potions of haste {!q, unknown}
 n - 2 potions of ambrosia {!q, unknown}
 p - a potion of curing {!q, unknown}
 q - a potion of lignification {!q, unknown}
 r - 2 potions of heal wounds {!q, unknown}
Comestibles
 f - a ration


   Skills:
 * Level 2.7 Fighting
 - Level 2.4 Long Blades
 - Level 2.0 Throwing
 + Level 5.1 Dodging


You had 2 spell levels left.
You didn't know any spells.

Dungeon Overview and Level Annotations

Branches:
Dungeon (2/15)

Altars:
Ashenzari
Qazlal

Annotations:
D:2 Natasha


Innate Abilities, Weirdness & Mutations

You are very small and have problems with some larger weapons.
You are too small for most types of armour.
You have supernaturally acute eyesight. (SInv)
You are a herbivore.
You cover ground extremely quickly.
You need to consume almost no food.


Message History

You now have 93 gold pieces (gained 10).
A kobold comes into view. It is wielding a dagger of holy wrath.
Found a stone staircase leading down.
A kobold is nearby!
A kobold is nearby!
The kobold shouts!
The kobold throws a stone.
The stone barely misses you.
You see here a twisted coral ring.
t - a twisted coral ring The kobold throws a stone.
The stone hits you.
Put on which piece of jewellery? (? for menu, Esc to quit)
Oops, that ring feels deathly cold.
t - a cursed ring of loudness (right hand)
The kobold throws a stone.
The stone misses you.
The kobold throws a stone.
The stone barely misses you.
You hit the kobold.
You kill the kobold!
No target in view!
No target in view!
l - 72 stones (gained 1)
Things that are here:
a dagger of holy wrath; a kobold corpse No target in view!
l - 73 stones (gained 1)
l - 76 stones (gained 3) Key pressed, stopping explore.
No target in view!
Search for what [? for help]? dag Natasha, Servant of Life and Death comes into view.
Natasha hisses angrily.
Natasha is nearby!
Natasha mumbles some strange words.
There are monsters nearby!
The crimson imp barely misses you.
You barely miss Natasha. Natasha misses you.
The crimson imp blinks!
You barely miss Natasha. Natasha closely misses you. Natasha misses you.
You barely miss Natasha.
Natasha stares at you and mumbles some strange words.
The magic dart hits you!
You hit Natasha.
Natasha is lightly wounded.
Natasha claws you but does no damage.
You hit Natasha.
Natasha is moderately wounded.
Natasha completely misses you.
You riposte.
You hit Natasha.
Natasha is severely wounded.
The crimson imp completely misses you.
You barely miss Natasha.
Natasha is severely wounded.
Natasha closely misses you.
The crimson imp shouts, "Leave, thou gorbellied milk-livered nissette!"
The crimson imp closely misses you.
Natasha stares at you and mumbles some strange words.
The magic dart hits you!
* * * LOW HITPOINT WARNING * * *
Throwing (i - inventory. (/) - cycle)
d - 2 throwing nets (quivered)
Press: ? - help, Shift-Dir - straight line, f - Natasha
Aim: Natasha (severely wounded)
You throw a throwing net.
The throwing net closely misses Natasha.
The crimson imp barely misses you.
You riposte.
You hit the crimson imp.
The crimson imp is moderately wounded.
Natasha claws you.
You die...

#)...# #####....# # ......#### .
......#######.######
................(..#
......#######.#..#.# ......#
......##.##
#.###.#########.h.......
#.#.#...........@.# .#
#.#.#...........5.# ..###
#...#.####.####...##.....
#.#....# #.............##
#.##...###..##.#..........
#.##...................... ..
#.##...###..##...#.##.##.# ##.##
#.##(..# #..##........##.# ...
#.##...###......#####.##.#####.#


You could see Natasha and a crimson imp.

Vanquished Creatures
  A leopard gecko (D:1)
  2 giant cockroaches (D:1)
  6 goblins
  7 hobgoblins
  2 jackals (D:1)
  2 bats (D:1)
  4 frilled lizards
  9 kobolds
  A leopard gecko skeleton (D:2)
  6 rats
  2 toadstools (D:1)
42 creatures vanquished.

Vanquished Creatures (others)
  2 toadstools (D:1)
2 creatures vanquished.

Grand Total: 44 creatures vanquished

Notes
Turn   | Place    | Note
-------+----------+-------------------------------------------
     0 | D:1      | Amnesiac the Spriggan Gladiator began the quest for the Orb.
     0 | D:1      | Reached XP level 1. HP: 10/10 MP: 2/2
   353 | D:1      | Reached XP level 2. HP: 12/15 MP: 3/3
   735 | D:1      | Reached skill level 5 in Dodging
   764 | D:1      | Reached XP level 3. HP: 18/19 MP: 4/4
  1060 | D:2      | Found a stormy altar of Qazlal.
  1062 | D:2      | Found a shattered altar of Ashenzari.
  1301 | D:2      | Noticed Natasha
  1312 | D:2      | Slain by Natasha

Vault maps used:
D:1:      ldierk_water_garden
D:2:      marbit_many_paths, chequers_temple_overflow_statue_of_worship,
          uniq_jessica, uniq_natasha

Skill      XL: |  1  2 |
---------------+-------+-----
Fighting       | 2 |  2.7
Dodging        | 5 |  5.1
Long Blades    | |  2.4
Throwing       | |  2.0

Action                   || total
-------------------------++-------
Melee: Long sword        ||    80
Throw: Throwing net      ||     4
 Stab: Sleeping          ||     1
Armor: Robe              ||     7
Dodge: Dodged            ||    91
       Rpst.: Long sword ||    32

Table legend:
 A = Spawn XP
 B = Non-spawn XP
 C = Spawn XP percentage of total XP
 D = Spawn monster count
 E = Non-spawn monster count
 F = Spawn count percentage of total count
 G = Total turns spent on level
                    A         B        C        D         E        F      G
               +---------+---------+-------+---------+---------+-------+---------
         Total |       0 |      63 |   0.0 |       0 |      40 |   0.0 |  1312
               +---------+---------+-------+---------+---------+-------+---------
           D:1 |       0 |      50 |   0.0 |       0 |      31 |   0.0 |  1057
           D:2 |       0 |      13 |   0.0 |       0 |       9 |   0.0 |   255
               +---------+---------+-------+---------+---------+-------+---------
